Map: [ESL] Alcyone

Players

Classic

  • Race: Protoss Protoss
  • Spawn Location: 7:00

SHIN - Winner!

  • Race: Zerg Zerg
  • Spawn Location: 1:00

Event: IEM Katowice 2024

VOD

Have the link to the VOD?

Description

Time

  • Played on: Dec. 6, 2023, 5:37 a.m.
  • Length: 22:15

All games in this series

Show
View Real Time Build Order
Export as new Build Order

Classic Protoss 

Build Orders: 1 Gate Expand, Oracle Opening, Carriers 

Get SALT Encoding   

  12  0:00  Probe  
  13  0:12  Probe  
  14  0:20  Pylon  
  14  0:24  Probe  
  15  0:38  Probe (Chrono Boost)  
  16  0:43  Gateway  
  16  0:47  Probe (Chrono Boost)  
  16  0:49  Assimilator  
  17  0:52  Probe (Chrono Boost)  
  18  1:04  Probe  
  19  1:16  Probe  
  20  1:26  Nexus  
  20  1:29  Probe  
  21  1:39  Cybernetics Core  
  21  1:42  Probe  
  22  1:52  Assimilator  
  22  1:56  Pylon  
  22  1:58  Probe  
  23  2:13  Adept (Chrono Boost)  
  23  2:14  Probe  
  24  2:20  Stargate  
  26  2:26  Probe  
  26  2:28  Warp Gate  
  27  2:36  Adept  
  29  2:38  Probe (Chrono Boost)  
  29  2:39  Probe (Chrono Boost)  
  31  2:48  Probe x2 (Chrono Boost)  
  33  2:53  Probe x2 (Chrono Boost)  
  35  3:04  Probe  
  35  3:05  Probe  
  37  3:09  Void Ray (Chrono Boost)  
  37  3:12  Pylon  
  41  3:18  Probe  
  41  3:19  Probe  
  43  3:24  Gateway  
  43  3:30  Probe  
  44  3:39  Oracle  
  47  3:42  Probe  
  47  3:43  Probe  
  45  3:54  Assimilator, Probe  
  45  3:55  Twilight Council, Probe  
  47  4:06  Probe  
  47  4:08  Assimilator  
  47  4:09  Gateway  
  48  4:11  Gateway  
  48  4:17  Adept  
  48  4:18  Adept  
  48  4:23  Pylon  
  51  4:27  Resonating Glaives (Chrono Boost)  
  51  4:33  Nexus  
  51  4:35  Probe x2, Pylon  
  53  4:43  Adept x2  
  57  4:47  Pylon  
  57  4:48  Probe  
  57  4:49  Probe  
  59  5:04  Adept  
  61  5:08  Probe  
  61  5:09  Adept x3, Probe  
  61  5:12  Pylon  
  69  5:21  Probe x2  
  71  5:24  Pylon  
  71  5:29  Adept x2  
  71  5:30  Adept x2  
  79  5:40  Probe x2  
  81  5:51  Adept x4  
  81  5:53  Probe x2  
  81  5:54  Probe  
  81  5:56  Templar Archives  
  92  5:59  Pylon  
  92  6:02  Blink (Chrono Boost)  
  92  6:08  Probe  
  92  6:09  Probe  
  76  6:19  Probe  
  76  6:20  Probe  
  76  6:26  Stalker x4  
  76  6:29  Probe  
  76  6:31  Probe  
  82  6:33  Probe  
  82  6:34  Gateway  
  82  6:36  Gateway  
  83  6:46  Gateway  
  79  6:47  Gateway, Shield Battery  
  79  6:49  Shield Battery  
  79  6:50  Stalker x2  
  83  6:54  Stalker  
  83  6:57  Stalker  
  83  6:59  Shield Battery  
  83  7:00  Pylon  
  87  7:05  Pylon  
  87  7:07  Assimilator  
  87  7:08  Shield Battery  
  87  7:09  Pylon  
  87  7:14  Shield Battery, Stalker x2  
  91  7:17  Shield Battery  
  91  7:19  Stalker  
  91  7:21  Pylon  
  93  7:24  Stalker  
  93  7:31  Stalker x2  
  89  7:39  Stalker x2  
  89  7:44  Stalker  
  85  7:48  Stalker  
  83  7:55  Adept  
  83  7:58  Adept  
  72  8:04  Stalker x2  
  67  8:09  Adept  
  69  8:12  Adept  
  69  8:18  Adept x2  
  69  8:23  Cybernetics Core, Oracle  
  69  8:26  Zealot x2  
  72  8:28  Zealot x2  
  76  8:40  Zealot x2  
  74  8:45  Zealot x2  
  74  8:50  Zealot x2  
  70  9:01  Stalker x2  
  74  9:13  High Templar x4  
  74  9:16  Psionic Storm  
  80  9:23  Pylon  
  80  9:28  Probe x2  
  82  9:39  Nexus, Gateway  
  82  9:45  Shield Battery  
  82  9:47  Pylon  
  82  9:48  High Templar  
  82  9:51  High Templar  
  86  9:57  Probe x2  
  88  10:09  Probe x2  
  88  10:10  Robotics Facility  
  90  10:25  Forge  
  90  10:26  Probe x2  
  90  10:28  High Templar x2  
  94  10:29  Assimilator  
  94  10:34  Assimilator  
  96  10:38  Probe x2  
  96  10:40  Stalker x2  
  102  10:44  Stalker  
  102  10:46  Pylon  
  104  11:04  Probe x3  
  104  11:05  Observer  
  108  11:17  Stalker x5  
  118  11:23  Robotics Facility  
  118  11:28  Immortal (Chrono Boost)  
  122  11:43  Pylon  
  122  11:45  Pylon  
  122  11:52  Pylon  
  122  12:04  Protoss Ground Weapons Level 1  
  122  12:06  Adept x2  
  122  12:07  Pylon  
  122  12:08  Immortal x2 (Chrono Boost)  
  133  12:29  Fleet Beacon  
  131  12:30  Stargate  
  131  12:38  Immortal (Chrono Boost)  
  131  12:41  Nexus  
  135  12:50  Photon Cannon  
  135  12:52  Photon Cannon  
  135  12:54  Shield Battery  
  135  13:03  Immortal (Chrono Boost)  
  131  13:08  Immortal (Chrono Boost)  
  139  13:19  Photon Cannon  
  139  13:22  Photon Cannon  
  139  13:31  Carrier (Chrono Boost)  
  139  13:32  High Templar x3  
  151  13:34  High Templar  
  151  13:37  Pylon  
  151  13:41  Zealot  
  155  13:48  Phoenix (Chrono Boost)  
  157  13:58  Observer x2 (Chrono Boost)  
  159  14:03  Zealot x2  
  162  14:24  Immortal  
  162  14:28  Zealot x2  
  160  14:31  Zealot x2  
  151  14:42  Carrier x2 (Chrono Boost)  
  124  14:46  Zealot  
  109  15:01  High Templar x2  
  109  15:02  High Templar x2  
  112  15:19  Zealot x2  
  88  15:39  Immortal (Chrono Boost)  
  88  15:40  High Templar  
  94  15:49  Carrier (Chrono Boost)  
  100  16:09  Carrier (Chrono Boost)  
  106  16:22  Probe x3  
  109  16:35  Immortal (Chrono Boost)  
  113  16:42  Observer  
  113  16:43  Pylon  
  113  16:49  High Templar x2  
  117  16:54  Assimilator  
  117  16:55  Probe  
  117  16:56  Probe  
  117  16:58  Assimilator, Probe  
  120  17:12  Archon  
  120  17:17  Probe x3  
  120  17:19  Immortal  
  127  17:26  Shield Battery  
  127  17:30  Carrier (Chrono Boost)  
  133  17:45  Pylon  
  133  17:52  Carrier (Chrono Boost)  
  139  18:07  Observer  
  139  18:08  Nexus  
  139  18:11  Shield Battery  
  139  18:31  Protoss Air Weapons Level 1  
  138  18:38  Immortal  
  140  18:42  High Templar x2  
  140  18:43  Zealot x4  
  152  18:52  Pylon  
  152  18:53  Observer  
  152  18:54  Pylon  
  124  19:10  Observer  
  120  19:18  Observer (Chrono Boost)  
  120  19:21  Zealot x6  
  120  19:36  Observer (Chrono Boost)  
  121  19:49  Void Ray x2 (Chrono Boost)  
  114  20:07  Stalker x4  
  92  20:09  Archon x3  
  92  20:11  Zealot x2  
  92  20:12  Observer  
  86  20:22  Immortal (Chrono Boost)  
  86  20:26  Assimilator  
  90  20:30  High Templar  
  90  20:31  High Templar  
  90  20:33  Observer  
  94  20:46  Nexus  
  94  20:47  High Templar  
  96  20:56  Immortal (Chrono Boost)  
  100  21:08  Pylon  
  100  21:12  High Templar  
  102  21:25  Immortal (Chrono Boost)  
  102  21:29  Observer x2  
  77  21:40  Zealot x5  
  77  21:43  Archon x2  
  71  22:03  High Templar  
  73  22:11  High Templar  
Show
View Real Time Build Order
Export as new Build Order

SHIN Zerg - Winner!

Build Orders: Hatch First, Lurkers 

Get SALT Encoding   

  12  0:00  Drone  
  13  0:08  Drone  
  14  0:16  Overlord  
  14  0:34  Drone x2  
  16  0:37  Drone  
  17  0:51  Hatchery  
  17  0:54  Drone  
  17  0:58  Drone  
  18  1:05  Extractor  
  17  1:12  Spawning Pool  
  17  1:15  Drone  
  17  1:18  Drone  
  18  1:29  Drone  
  19  1:39  Drone  
  20  1:50  Drone  
  21  2:02  Queen x2  
  21  2:03  Zergling x4  
  21  2:07  Metabolic Boost  
  27  2:12  Overlord  
  27  2:15  Drone  
  28  2:30  Drone  
  28  2:31  Drone  
  28  2:34  Drone  
  28  2:35  Drone  
  32  2:40  Hatchery  
  31  2:45  Drone  
  31  2:50  Queen  
  34  2:55  Overlord  
  34  2:59  Zergling x2  
  34  3:00  Drone  
  36  3:13  Queen  
  36  3:16  Zergling x2, Drone x2  
  36  3:17  Drone x2  
  36  3:18  Drone  
  44  3:25  Overlord  
  44  3:30  Overlord  
  44  3:35  Drone  
  44  3:41  Drone x2  
  42  3:43  Drone x2  
  42  3:44  Queen  
  42  3:47  Overlord  
  46  3:50  Drone  
  46  3:52  Drone  
  48  3:57  Drone x3  
  48  4:01  Drone  
  52  4:03  Spore Crawler  
  52  4:05  Drone  
  52  4:07  Drone  
  52  4:09  Drone  
  54  4:11  Spore Crawler  
  54  4:13  Drone  
  54  4:17  Queen  
  54  4:19  Drone  
  54  4:20  Drone  
  57  4:25  Zergling x4  
  57  4:26  Zergling x2  
  57  4:30  Lair  
  61  4:31  Drone  
  61  4:32  Drone  
  61  4:34  Drone  
  63  4:40  Drone  
  63  4:41  Roach Warren  
  63  4:42  Extractor  
  63  4:43  Extractor  
  63  4:44  Drone x2, Extractor  
  62  4:50  Drone x3  
  62  4:52  Overlord  
  65  4:55  Overlord  
  65  4:59  Overlord  
  65  5:00  Overlord  
  65  5:02  Drone  
  65  5:04  Overlord  
  66  5:08  Pneumatized Carapace  
  66  5:09  Extractor  
  66  5:11  Overlord  
  65  5:14  Overlord  
  65  5:25  Roach x4  
  73  5:29  Roach x2  
  73  5:30  Roach  
  73  5:34  Roach  
  80  5:45  Zergling x14  
  87  5:51  Zergling x6  
  90  6:01  Zergling x10  
  91  6:05  Drone  
  91  6:07  Drone  
  91  6:09  Drone  
  86  6:12  Drone  
  86  6:14  Drone  
  86  6:17  Drone  
  81  6:21  Drone  
  81  6:24  Drone  
  78  6:25  Drone  
  78  6:28  Drone  
  78  6:29  Drone  
  78  6:31  Drone  
  81  6:37  Zergling x2  
  81  6:38  Zergling x2  
  80  6:43  Zergling x4  
  80  6:48  Ravager x5  
  80  6:49  Ravager  
  80  6:50  Ravager x2  
  80  6:54  Zergling x2  
  89  6:58  Zergling x4  
  91  7:03  Zergling x2  
  91  7:04  Zergling x4  
  94  7:12  Zergling x2  
  94  7:13  Zergling x10  
  100  7:16  Zergling x4  
  100  7:20  Zergling x6  
  105  7:23  Zergling x2  
  105  7:24  Zergling x2  
  103  7:34  Zergling x10  
  101  7:42  Zergling x12  
  101  7:46  Zergling x4  
  97  7:52  Zergling x2  
  97  7:57  Zergling x4  
  95  8:03  Zergling x2  
  92  8:07  Queen x3  
  92  8:08  Drone x2  
  92  8:11  Zergling x6  
  100  8:12  Zergling x2  
  100  8:19  Zergling x2  
  97  8:23  Zergling x2  
  91  8:30  Roach  
  91  8:31  Roach  
  91  8:33  Drone  
  90  8:36  Drone  
  90  8:40  Drone  
  88  8:45  Drone x2  
  84  8:50  Queen x2  
  84  8:52  Drone  
  84  8:54  Drone  
  85  8:55  Drone  
  85  8:56  Evolution Chamber  
  81  9:03  Drone  
  81  9:04  Drone, Glial Reconstitution  
  81  9:06  Drone  
  77  9:11  Drone  
  77  9:16  Drone  
  75  9:17  Drone  
  75  9:20  Drone x6  
  75  9:23  Roach x2  
  75  9:24  Roach x2  
  87  9:25  Hydralisk Den  
  87  9:27  Roach  
  87  9:28  Zerg Missile Weapons Level 1  
  87  9:29  Roach  
  90  9:35  Roach  
  90  9:38  Roach  
  92  9:41  Overseer, Roach  
  94  9:45  Drone  
  94  9:48  Drone  
  94  9:51  Roach  
  98  9:54  Drone  
  98  9:55  Grooved Spines  
  98  9:57  Hydralisk x7  
  113  10:02  Hydralisk  
  113  10:04  Drone x2, Hatchery  
  114  10:10  Overlord x2  
  114  10:15  Lurker Den  
  114  10:17  Extractor, Drone x2  
  114  10:19  Overseer  
  114  10:24  Overlord x3  
  114  10:29  Infestation Pit  
  114  10:32  Drone x2  
  114  10:33  Drone x2  
  114  10:34  Drone x3  
  120  10:42  Hatchery  
  119  10:43  Overseer  
  119  10:48  Hydralisk x2  
  123  10:50  Muscular Augments  
  123  10:55  Zergling x2, Hydralisk  
  123  10:56  Zergling x4  
  128  11:02  Hydralisk  
  128  11:03  Zergling x8  
  134  11:09  Overlord  
  134  11:13  Lurker x3  
  134  11:14  Lurker x2, Drone  
  134  11:15  Drone x2  
  134  11:16  Drone  
  134  11:17  Lurker  
  144  11:23  Lurker, Drone  
  144  11:24  Drone x2  
  148  11:27  Overlord  
  148  11:29  Extractor  
  148  11:32  Hive  
  145  11:35  Drone x3  
  148  11:40  Hydralisk  
  148  11:41  Zergling x6  
  148  11:46  Lurker x2  
  153  11:49  Zergling x12  
  159  11:57  Hydralisk  
  159  11:58  Zergling x12  
  166  12:03  Drone x4  
  166  12:05  Zerg Missile Weapons Level 2  
  170  12:09  Hydralisk  
  170  12:10  Zergling x4  
  170  12:12  Overlord  
  170  12:14  Extractor  
  172  12:16  Extractor  
  172  12:17  Overlord  
  172  12:18  Spore Crawler  
  172  12:19  Lurker x3  
  170  12:25  Drone  
  170  12:27  Evolution Chamber  
  171  12:30  Drone x4  
  171  12:31  Overlord  
  171  12:32  Hydralisk x4  
  180  12:39  Queen  
  180  12:44  Overseer  
  182  12:46  Seismic Spines  
  182  12:52  Drone x2  
  182  12:57  Zergling x8  
  182  12:58  Zergling x14  
  191  13:00  Nydus Network, Zerg Ground Armor Level 1  
  191  13:03  Drone x2  
  188  13:08  Lurker x3  
  188  13:11  Overlord  
  191  13:16  Overlord  
  191  13:21  Lurker x2  
  191  13:22  Lurker  
  191  13:23  Overlord  
  194  13:32  Hydralisk x3  
  200  13:37  Nydus Canal, Hatchery  
  195  13:44  Adaptive Talons  
  193  13:53  Nydus Canal  
  193  13:55  Hydralisk x3  
  196  14:12  Hydralisk x5  
  196  14:14  Hydralisk  
  196  14:15  Hydralisk x5  
  196  14:16  Hydralisk  
  199  14:17  Hydralisk  
  199  14:21  Nydus Canal  
  199  14:22  Hydralisk x7  
  199  14:23  Zergling x4  
  200  14:26  Hydralisk x2  
  196  14:37  Hydralisk  
  196  14:38  Zergling x18  
  167  14:46  Hydralisk x4  
  167  14:47  Hydralisk  
  167  14:48  Spire  
  167  14:49  Hydralisk x2  
  167  14:52  Drone x3  
  164  14:53  Hydralisk  
  164  14:59  Zergling x2  
  166  15:01  Hydralisk  
  166  15:02  Hydralisk x2, Nydus Canal  
  166  15:03  Hydralisk  
  173  15:10  Hydralisk x2  
  173  15:11  Hydralisk x2  
  176  15:15  Hydralisk x2  
  176  15:19  Hydralisk x2  
  161  15:22  Hydralisk  
  161  15:23  Zergling x6, Hydralisk  
  149  15:33  Drone x3  
  150  15:36  Extractor x2  
  147  15:43  Lurker x4  
  147  15:45  Drone x3, Lurker  
  147  15:48  Lurker  
  147  15:49  Spore Crawler  
  155  15:50  Spore Crawler  
  155  15:54  Spore Crawler x3  
  155  15:55  Drone, Spore Crawler  
  155  15:56  Drone x2, Spore Crawler  
  152  15:57  Overseer  
  152  15:59  Lurker x2  
  153  16:05  Drone x2  
  153  16:11  Spore Crawler x2, Corruptor x3  
  153  16:16  Corruptor x2  
  162  16:20  Overseer  
  162  16:22  Corruptor x2  
  166  16:26  Zerg Flyer Weapons Level 1  
  166  16:35  Corruptor x2  
  166  16:36  Corruptor, Spine Crawler  
  171  16:45  Corruptor x2  
  171  16:46  Corruptor  
  177  16:55  Lurker x2  
  177  16:58  Corruptor x2  
  183  17:04  Corruptor, Hatchery  
  183  17:08  Corruptor  
  186  17:09  Corruptor  
  186  17:13  Corruptor  
  190  17:16  Corruptor  
  190  17:18  Nydus Canal  
  192  17:25  Corruptor  
  192  17:26  Overlord x3  
  194  17:34  Overlord  
  194  17:49  Lurker x5  
  199  17:56  Zerg Ground Armor Level 2  
  199  18:05  Lurker x4  
  200  18:14  Overseer  
  200  18:19  Unknown  
  199  18:27  Zerg Flyer Weapons Level 2  
  192  18:42  Corruptor  
  192  18:43  Corruptor x3  
  196  18:56  Corruptor  
  196  18:57  Corruptor  
  177  19:10  Corruptor x12  
  186  19:28  Viper x3  
  186  19:30  Corruptor  
  186  19:31  Corruptor  
  182  19:32  Zergling x32  
  200  19:44  Ultralisk Cavern  
  199  19:45  Zerg Melee Weapons Level 1  
  152  20:12  Hydralisk x10  
  152  20:13  Hydralisk x11  
  181  20:24  Spore Crawler  
  181  20:27  Drone x4  
  182  20:31  Chitinous Plating  
  182  20:41  Lurker x2  
  182  20:42  Lurker x5  
  189  20:45  Lurker  
  190  20:52  Overseer  
  190  21:06  Hydralisk x4  
  190  21:11  Overseer  
  157  21:45  Zergling x2  
  157  21:46  Zergling x32  
  196  21:58  Lurker x4  

Tags
 
Add a new tag
Caveats
  • Supply blocks, unpowered buildings, or Contaminate may cause inaccurate times.
  • Supply counts are checked every 10 seconds.